 Dungeon Crawl Stone Soup version 0.25.1-9-gc5326a611f (webtiles) character file.

Game seed: 683213094002439126

345 melmothx the Magician (level 6, -1/46 HPs)
             Began as a Draconian Fire Elementalist on Dec 5, 2020.
             Killed by nerve-wracking pain
             ... invoked by an orc priest
              (9 damage)
             ... on level 4 of the Dungeon on Dec 31, 2020.
             The game lasted 00:41:15 (3155 turns).

melmothx the Magician (Draconian Fire Elementalist) Turns: 3155, Time: 00:41:16

Health: -1/46      AC:  6    Str: 10    XL:     6   Next: 32%
Magic:  10/11      EV: 12    Int: 18    God:
Gold:   152        SH:  0    Dex: 11    Spells: 5/12 levels left

rFire    . . .     SeeInvis .   e - +2 short sword (flame)
rCold    . . .     Gourm    .   (no shield)
rNeg     . . .     Faith    .   (armour unavailable)
rPois    .         Spirit   .   (helmet restricted)
rElec    .         Reflect  .   (no cloak)
rCorr    .         Harm     .   (no gloves)
MR       .....                  (no boots)
Stlth    ++........             (no amulet)
HPRegen  0.15/turn              (no ring)
MPRegen  0.12/turn              (no ring)

@: lethally poisoned (-1 -> -27), about to teleport
A: unfitting armour, cold-blooded, AC +6
a: no special abilities


You were on level 4 of the Dungeon.
You were not hungry.

You visited 1 branch of the dungeon, and saw 4 of its levels.

You collected 152 gold pieces.

Inventory:

Hand Weapons
 a - a +0 dagger
 e - a +2 short sword of flaming (weapon)
 f - a +0 spear
 i - a +0 whip
Missiles
 g - 26 arrows
 j - 141 stones (quivered)
Scrolls
 o - a scroll of blinking {unknown}
 p - a scroll of magic mapping
 q - a scroll of remove curse {unknown}
 r - a scroll of fog
Potions
 c - a potion of stabbing
 d - 2 potions of haste
 k - a potion of brilliance
Comestibles
 b - 13 rations
 n - 2 chunks of flesh


   Skills:
 + Level 0.5 Fighting
 + Level 1.9 Short Blades
 + Level 1.9 Throwing
 + Level 2.5 Dodging
 + Level 2.6 Stealth
 + Level 3.7 Spellcasting
 + Level 2.1 Conjurations
 + Level 3.6 Fire Magic


You had 5 spell levels left.
You knew the following spells:

 Your Spells              Type           Power        Failure   Level  Hunger
a - Foxfire               Conj/Fire      ##..         4%          1    None
b - Inner Flame           Hex/Fire       #.......     22%         3    ###....
c - Conjure Flame         Conj/Fire      ##......     14%         3    ###....

Your spell library contained the following spells:

 Spells                   Type           Power        Failure   Level  Hunger
 Sticky Flame             Conj/Fire      ##......     41%         4    ####...
 Fireball                 Conj/Fire      ##........   77%         5    ######.


Dungeon Overview and Level Annotations

Branches:
Dungeon (4/15)
 Temple: D:4-7

Altars:
Uskayaw


Innate Abilities, Weirdness & Mutations

Your plain brown scales are hard. (AC +6)
You cannot fit into any form of body armour.
You are cold-blooded and may be slowed by cold attacks.


Message History

The orc priest looks braver for a moment.
Casting: Conjure Flame (dangerous; 14% risk of failure)
Confirm with . or Enter, or press ? or * to list all spells.
You conjure some foxfire!
* * * LOW HITPOINT WARNING * * *
You feel sick.
The orc priest hits you with a +2 short sword of venom.
* * * LOW HITPOINT WARNING * * *
You are more poisoned.
Okay, then.
Unknown command.
As you read the scroll labeled MIADDI FANGIU, it crumbles to dust.
You feel strangely unstable.
It was a scroll of teleportation.
* * * LOW HITPOINT WARNING * * *
You feel sick.
The foxfire hits the orc priest.
The orc priest is moderately wounded.
The foxfire hits the orc priest but does no damage.
The orc priest calls down the wrath of Beogh upon you.
Pain shoots through your body!
You die...

#....# .... #....#
..... #....# ....>
#..# ...... #..#
#......
#.#####o......
####.#.(.oS#
##....#.oo###
###.......@.(##
###....<.....ยง..#
................#
####............#
#...........##
#.....##...##
+..######### #..#
#..#


You could see 3 orc priests, an adder and an orc.

Vanquished Creatures
  Grinder (D:3)
  An orc wizard (D:3)
  Jessica (D:3)
  Robin (D:3)
  An adder (D:3)
  An ooze (D:3)
  A dart slug (D:1)
  4 leopard geckos
  4 orcs (D:3)
  2 ball pythons
  4 giant cockroaches
  9 hobgoblins
  4 jackals (D:3)
  2 kobolds
  A quokka (D:3)
  9 bats
  6 frilled lizards
  13 goblins
  6 rats
71 creatures vanquished.

Vanquished Creatures (others)
  70 foxfires
70 creatures vanquished.

Grand Total: 141 creatures vanquished

Notes
Turn   | Place    | Note
-------+----------+-------------------------------------------
     0 | D:1      | melmothx the Draconian Fire Elementalist began the quest
                  | for the Orb.
     0 | D:1      | Reached XP level 1. HP: 14/14 MP: 3/3
   140 | D:1      | Reached XP level 2. HP: 15/20 MP: 1/5
  1016 | D:1      | Upgraded the game from 0.25.1-2-g60ff931df9 to
                  | 0.25.1-9-gc5326a611f
  1035 | D:2      | Reached XP level 3. HP: 23/26 MP: 4/6
  1280 | D:3      | Noticed Robin
  1364 | D:2      | Found a hide-covered altar of Uskayaw.
  1720 | D:3      | Killed Robin
  1803 | D:3      | Reached XP level 4. HP: 31/33 MP: 3/7
  1808 | D:3      | Learned a level 3 spell: Inner Flame
  1986 | D:3      | Noticed Jessica
  2012 | D:3      | Killed Jessica
  2214 | D:3      | Reached XP level 5. HP: 16/38 MP: 2/10
  2225 | D:3      | Learned a level 3 spell: Conjure Flame
  2531 | D:3      | Noticed Grinder
  2543 | D:3      | Paralysed by Grinder for 5 turns
  2559 | D:3      | Killed Grinder
  2559 | D:3      | Reached skill level 1 in Short Blades
  2559 | D:3      | Reached skill level 1 in Throwing
  2559 | D:3      | Reached XP level 6. HP: 16/46 MP: 7/11
  3155 | D:4      | Killed from afar by an orc priest

Illustrated notes

Levels and vault maps discovered:
D:1:      lordsloth_arrival_two_stooges, layout_basic
D:2:      layout_rooms, nicolae_overflow_hidden_temple
D:3:      layout_loops_ring, first_ration, uniq_grinder, uniq_robin,
          uniq_jessica
D:4:      layout_rooms, lemuel_doored_altar, kennysheep_mini, uniq_eustachio,
          uniq_menkaure, uniq_natasha

Skill      XL: |  1  2  3  4  5 |
---------------+----------------+-----
Stealth        | 2 |  2.6
Dodging        | 2 |  2.5
Spellcasting   | 3 |  3.7
Short Blades   | 1 |  1.9
Throwing       | 1 |  1.9
Conjurations   | 2 |  2.1
Fighting       | |  0.5
Fire Magic     | |  3.6

Action                   |  1- 3 |  4- 6 || total
-------------------------+-------+-------++-------
Melee: Dagger            |    55 |       ||    55
       Tailslap          |     5 |     8 ||    13
       Short sword       |    24 |    56 ||    80
Throw: Stone             |    51 |    45 ||    96
       Throwing net      |       |     3 ||     3
 Cast: Foxfire           |    36 |    20 ||    56
       Conjure Flame     |       |     2 ||     2
  Use: Scroll            |     5 |     3 ||     8
       Potion            |       |     3 ||     3
 Stab: Sleeping          |     1 |       ||     1
  Eat: Chunk             |     2 |       ||     2
       Ration            |     1 |     1 ||     2
Armor: Skin              |    27 |    23 ||    50
Dodge: Dodged            |    60 |    49 ||   109
